 Dungeon Crawl Stone Soup version 0.27.1-1-g398f81649c (webtiles) character file.

Game seed: 14919870600813182502

4071 MisterFreud the Blocker (level 10, -3/82 HPs)
             Began as a Gnoll Fighter on Sept 16, 2021.
             Was a Priest of Qazlal.
             Slain by a komodo dragon (23 damage)
             ... on level 8 of the Dungeon.
             The game lasted 00:13:18 (9227 turns).

MisterFreud the Blocker (Gnoll Fighter)             Turns: 9227, Time: 00:13:18

Health: -3/82      AC:  8    Str: 15    XL:     10   Next: 25%
Magic:  17/17      EV: 11    Int: 11    God:    Qazlal [***...]
Gold:   212        SH: 16    Dex: 18    Spells: 19/19 levels left

rFire    . . .     SeeInvis .   a - +0 rapier
rCold    . . .     Faith    .   c - +1 kite shield
rNeg     + . .     Spirit   .   b - +0 scale mail
rPois    .         Reflect  .   (no helmet)
rElec    .         Harm     .   (no cloak)
rCorr    .         Rampage  .   (no gloves)
Will     .....                  (no boots)
Stlth    +.........             (no amulet)
HPRegen  0.23/turn              i - +6 ring of dexterity
MPRegen  0.15/turn              p - ring of positive energy

@: no status effects
A: fangs 1, strong nose, distributed training
a: Renounce Religion, Upheaval, Elemental Force


You were on level 8 of the Dungeon.
You worshipped Qazlal.
Qazlal was most pleased with you.
You visited 1 branch of the dungeon, and saw 8 of its levels.

You collected 288 gold pieces.
You spent 76 gold pieces at shops.

Inventory:

Hand Weapons
 a - a +0 rapier (weapon)
 u - a +1 short sword of holy wrath
Missiles
 g - a curare-tipped dart
 z - a throwing net (quivered)
Armour
 b - a +0 scale mail (worn)
 c - a +1 kite shield (worn)
 h - +0 steam dragon scales
 m - a +1 robe of willpower
 B - a +0 leather armour of poison resistance
Jewellery
 i - a +6 ring of dexterity (left hand)
 p - a ring of positive energy (right hand)
Wands
 d - a wand of digging (4)
 n - a wand of iceblast (8)
 A - a wand of paralysis (1)
Scrolls
 f - a scroll of immolation {unknown}
 j - 2 scrolls of teleportation
 k - 3 scrolls of blinking
 v - 2 scrolls of enchant armour
 y - a scroll of magic mapping
Potions
 e - a potion of flight
 l - 5 potions of curing
 o - 2 potions of haste
 q - a potion of berserk rage
 r - a potion of mutation {unknown}
 s - a potion of lignification
 t - 2 potions of resistance
 w - 5 potions of brilliance
 x - a potion of cancellation {unknown}


   Skills:
 + Level 8.4 Fighting
 + Level 6.9 Short Blades
 + Level 5.1 Long Blades
 + Level 5.1 Axes
 + Level 5.1 Maces & Flails
 + Level 5.1 Polearms
 + Level 5.1 Staves
 + Level 5.1 Slings
 + Level 5.1 Bows
 + Level 5.1 Crossbows
 + Level 5.1 Throwing
 + Level 8.4 Armour
 + Level 5.1 Dodging
 + Level 5.1 Stealth
 + Level 8.4 Shields
 + Level 5.1 Unarmed Combat
 + Level 5.1 Spellcasting
 + Level 4.2 Conjurations
 + Level 4.2 Hexes
 + Level 4.2 Summonings
 + Level 4.2 Necromancy
 + Level 4.2 Translocations
 + Level 4.2 Transmutations
 + Level 4.2 Fire Magic
 + Level 4.2 Ice Magic
 + Level 4.2 Air Magic
 + Level 4.2 Earth Magic
 + Level 4.2 Poison Magic
 + Level 5.6 Invocations
 + Level 5.1 Evocations


You had 19 spell levels left.
You didn't know any spells.
Your spell library contained the following spells:

 Spells                   Type           Power      Damage    Failure   Level
 Beastly Appendage        Tmut           24%        N/A       28%         1
 Blink                    Tloc           N/A        N/A       38%         2
 Wereblood                Tmut           12%        N/A       38%         2
 Ignite Poison            Fire/Tmut/Pois 12%        N/A       63%         3
 Lesser Beckoning         Tloc           6%         N/A       63%         3
 Mephitic Cloud           Conj/Pois/Air  12%        N/A       63%         3
 Spider Form              Tmut/Pois      6%         N/A       63%         3
 Bolt of Magma            Conj/Fire/Erth 6%         4d6       100%        5
 Manifold Assault         Tloc           12%        N/A       100%        5


Dungeon Overview and Level Annotations

Branches:
Dungeon (8/15)             Temple (0/1) D:6
   Lair: D:8-11

Altars:
Ashenzari
Qazlal
Ru
Zin

Shops:
D:3 *   D:5 [

Annotations:
D:6 2 transporters


Innate Abilities, Weirdness & Mutations

You have very sharp teeth.
Your uncanny sense of smell can sniff out nearby items.
Your experience applies equally to all skills.


Message History

You bite the komodo dragon, but do no damage.
The komodo dragon is severely wounded.
You block the komodo dragon's attack.
You hit the komodo dragon but do no damage.
The komodo dragon is severely wounded.
The komodo dragon barely misses you.
You hit the komodo dragon but do no damage.
The komodo dragon is severely wounded.
The komodo dragon bites you!!
You puncture the komodo dragon! Your bite misses the komodo dragon.
The komodo dragon is almost dead.
The komodo dragon bites you!!
* * * LOW HITPOINT WARNING * * *
You closely miss the komodo dragon.
The komodo dragon is almost dead.
You block the komodo dragon's attack.
You hit the komodo dragon but do no damage.
You bite the komodo dragon, but do no damage.
The komodo dragon is almost dead.
You block the komodo dragon's attack.
Unknown command.
Unknown command.
Unknown command.
You hit the komodo dragon but do no damage.
The komodo dragon is almost dead.
The komodo dragon barely misses you.
You hit the komodo dragon but do no damage.
The komodo dragon is almost dead.
You block the komodo dragon's attack.
You hit the komodo dragon.
The komodo dragon is almost dead.
You block the komodo dragon's attack.
You hit the komodo dragon but do no damage.
The komodo dragon is almost dead.
You block the komodo dragon's attack.
You completely miss the komodo dragon.
You bite the komodo dragon, but do no damage.
The komodo dragon is almost dead.
The komodo dragon bites you!!
You die...

#.# #.# #.# ####.#######
############# ###
.....#.....#♣♣....♣.♣....♣♣ ♣♣.♣♣
###..#♣[..♣♣♣....♣.♣.♣...)♣♣♣.♣.♣
.....).♣.♣.......♣♣♣♣♣...†...♣♣♣.
###..#♣...♣♣♣....♣C♣.♣....♣♣♣.♣.♣
##.#.....#♣♣.°@l♣o♣....♣♣ ♣♣.♣♣
####[####### #####♣l♣##### ###
.))..# ♣♣♣♣♣♣♣o♣♣♣♣♣♣♣ ######
♣.........o...♣ ♣.♣♣♣♣♣♣♣♣♣♣♣C♣ ∆
♣.♣ ∆ ♣o♣ ∆ ♣.♣ ♣C♣ ∆ ∆


You could see a cyclops and a komodo dragon.

Vanquished Creatures
  Pikel (D:6)
  Joseph (D:7)
  Maggie (D:6)
  Grinder (D:4)
  2 yaks (D:8)
  A vampire mosquito (D:8)
  Duvessa (D:6)
  A water moccasin (D:7)
  An ice beast (D:7)
  3 orc warriors
  An ogre (D:6)
  2 necrophages
  2 centaurs (D:8)
  A kobold brigand (D:8)
  A phantom (D:3)
  Blork the orc (D:4)
  6 bullfrogs
  2 scorpions
  Dowan (D:6)
  A wight (D:5)
  A jelly (D:7)
  2 hounds
  2 centaur skeletons (D:7)
  A gnoll shaman (D:7)
  An orc priest (D:7)
  Ijyb (D:3)
  3 iguanas
  4 orc wizards
  5 adders
  7 gnolls (D:7)
  2 white imps
  A worm (D:3)
  3 dart slugs
  13 orcs
  5 bats
  5 endoplasms
  5 giant cockroaches
  4 goblins
  5 hobgoblins
  3 quokkas
  4 ball pythons
  3 frilled lizards
  8 kobolds
  10 rats
129 creatures vanquished.

Vanquished Creatures (others)
  3 plants (D:3)
3 creatures vanquished.

Grand Total: 132 creatures vanquished

Notes
Turn   | Place    | Note
-------+----------+-------------------------------------------
     0 | D:1      | MisterFreud the Gnoll Fighter began the quest for the Orb.
     0 | D:1      | Reached XP level 1. HP: 23/23 MP: 1/1
    25 | D:1      | Found a faded altar of an unknown god.
   352 | D:1      | Reached XP level 2. HP: 29/29 MP: 2/2
   977 | D:2      | Reached XP level 3. HP: 32/35 MP: 3/3
  1204 | D:2      | Reached skill level 1 in Invocations
  1713 | D:3      | Noticed Ijyb
  1734 | D:3      | Killed Ijyb
  1735 | D:3      | Reached skill level 1 in Long Blades
  1735 | D:3      | Reached skill level 1 in Axes
  1735 | D:3      | Reached skill level 1 in Maces & Flails
  1735 | D:3      | Reached skill level 1 in Polearms
  1735 | D:3      | Reached skill level 1 in Staves
  1735 | D:3      | Reached skill level 1 in Slings
  1735 | D:3      | Reached skill level 1 in Bows
  1735 | D:3      | Reached skill level 1 in Crossbows
  1735 | D:3      | Reached skill level 1 in Throwing
  1735 | D:3      | Reached skill level 1 in Dodging
  1735 | D:3      | Reached skill level 1 in Stealth
  1735 | D:3      | Reached skill level 1 in Unarmed Combat
  1735 | D:3      | Reached skill level 1 in Spellcasting
  1735 | D:3      | Reached skill level 1 in Evocations
  1735 | D:3      | Reached XP level 4. HP: 13/41 MP: 5/5
  1983 | D:3      | Found Jiasaqih's Assorted Antiques.
  1994 | D:3      | Bought a scroll labelled ATZOLA WAHU for 16 gold pieces
  1994 | D:3      | Bought an amethyst potion for 14 gold pieces
  1994 | D:3      | Bought a scroll labelled BUNIANN QORIGH for 16 gold pieces
  1994 | D:3      | Bought a scroll labelled XEGRIAN MYBU for 16 gold pieces
  1994 | D:3      | Bought a fuming coppery potion for 14 gold pieces
  2231 | D:3      | Noticed a phantom
  2248 | D:3      | Killed a phantom
  2249 | D:3      | Reached skill level 1 in Conjurations
  2249 | D:3      | Reached skill level 1 in Hexes
  2249 | D:3      | Reached skill level 1 in Summonings
  2249 | D:3      | Reached skill level 1 in Necromancy
  2249 | D:3      | Reached skill level 1 in Translocations
  2249 | D:3      | Reached skill level 1 in Transmutations
  2249 | D:3      | Reached skill level 1 in Fire Magic
  2249 | D:3      | Reached skill level 1 in Ice Magic
  2249 | D:3      | Reached skill level 1 in Air Magic
  2249 | D:3      | Reached skill level 1 in Earth Magic
  2249 | D:3      | Reached skill level 1 in Poison Magic
  2249 | D:3      | Reached XP level 5. HP: 34/47 MP: 5/7
  2557 | D:1      | Became a worshipper of Qazlal Stormbringer
  2557 | D:1      | Reached * piety under Qazlal
  3195 | D:4      | Noticed Blork the orc
  3408 | D:4      | Reached XP level 6. HP: 41/53 MP: 8/8
  3632 | D:4      | Killed Blork the orc
  3633 | D:4      | Reached skill level 5 in Short Blades
  4001 | D:4      | Noticed Grinder
  4008 | D:4      | Paralysed by Grinder for 5 turns
  4017 | D:4      | Killed Grinder
  4018 | D:4      | Reached XP level 7. HP: 38/60 MP: 10/10
  4400 | D:5      | Entered Level 5 of the Dungeon
  4644 | D:5      | Reached ** piety under Qazlal
  5201 | D:5      | Found Zimapato's Armour Emporium.
  5268 | D:6      | Noticed Maggie
  5268 | D:6      | Found a staircase to the Ecumenical Temple.
  5283 | D:6      | Killed Maggie
  5284 | D:6      | Reached XP level 8. HP: 33/67 MP: 12/12
  5464 | D:6      | Noticed Dowan
  5467 | D:6      | Noticed Duvessa
  5507 | D:6      | Killed Duvessa
  5542 | D:6      | Killed Dowan
  5865 | D:6      | Found a glowing silver altar of Zin.
  6482 | D:6      | Found a broken altar of Ashenzari.
  6483 | D:6      | Found a sacrificial altar of Ru.
  6484 | D:6      | Found a transporter.
  6490 | D:6      | Found a transporter.
  6498 | D:6      | Noticed Pikel
  6530 | D:6      | Killed Pikel
  6531 | D:6      | Reached XP level 9. HP: 18/74 MP: 13/15
  7906 | D:7      | Reached *** piety under Qazlal
  7907 | D:7      | Reached skill level 5 in Invocations
  8006 | D:7      | Noticed Joseph
  8032 | D:7      | Killed Joseph
  8351 | D:8      | Reached XP level 10. HP: 59/80 MP: 17/17
  8508 | D:8      | HP: 3/80 [centaur/arrow (10)]
  8833 | D:8      | Reached skill level 5 in Long Blades
  8833 | D:8      | Reached skill level 5 in Axes
  8833 | D:8      | Reached skill level 5 in Maces & Flails
  8833 | D:8      | Reached skill level 5 in Polearms
  8833 | D:8      | Reached skill level 5 in Staves
  8833 | D:8      | Reached skill level 5 in Slings
  8833 | D:8      | Reached skill level 5 in Bows
  8833 | D:8      | Reached skill level 5 in Crossbows
  8833 | D:8      | Reached skill level 5 in Throwing
  8833 | D:8      | Reached skill level 5 in Dodging
  8833 | D:8      | Reached skill level 5 in Stealth
  8833 | D:8      | Reached skill level 5 in Unarmed Combat
  8833 | D:8      | Reached skill level 5 in Spellcasting
  8833 | D:8      | Reached skill level 5 in Evocations
  9191 | D:8      | Noticed a cyclops
  9227 | D:8      | Slain by a komodo dragon

Illustrated notes

Levels and vault maps discovered:
D:1:      minmay_arrival_three_doors, layout_basic,
          hellmonk_ecumenical_altar_arch_garden, minivault_4
D:2:      layout_loops_ring, st_stairs_3
D:3:      layout_loops_corners, serial_shops, nicolae_shop_window_shopping,
          minmay_crystal_water, serial_bayou_lagoon_b, uniq_ijyb
D:4:      layout_gridville, uniq_blork_the_orc, uniq_grinder
D:5:      layout_rooms, serial_shops, nicolae_shop_statue_plus
D:6:      minmay_clustersquares, layout_layer_cave,
          gammafunk_temple_overflow_arena,
          minmay_temple_entry_statues_fountains, uniq_duvessa, uniq_pikel,
          uniq_maggie
D:7:      layout_rooms, uniq_joseph
D:8:      nzn_winding_woodlands_large [nzn_winding_woodlands_hourglass,
          nzn_winding_woodlands_5x15_parted,
          nzn_winding_woodlands_5x5_closed_star,
          nzn_winding_woodlands_center_garden,
          nzn_winding_woodlands_15x15_boxy_spiral,
          nzn_winding_woodlands_center_triple_pond,
          nzn_winding_woodlands_5x5_perimeter,
          nzn_winding_woodlands_5x15_pockets,
          nzn_winding_woodlands_5x5_checkerboard], layout_loops_ring,
          minmay_joined_circles

Skill      XL: |  1  2  3  4  5  6  7  8  9 10 |
---------------+-------------------------------+-----
Invocations    | 1 2 3 4 5 |  5.6
Long Blades    | 1 2 3 4 5 |  5.1
Axes           | 1 2 3 4 5 |  5.1
Maces & Flails | 1 2 3 4 5 |  5.1
Polearms       | 1 2 3 4 5 |  5.1
Staves         | 1 2 3 4 5 |  5.1
Slings         | 1 2 3 4 5 |  5.1
Bows           | 1 2 3 4 5 |  5.1
Crossbows      | 1 2 3 4 5 |  5.1
Throwing       | 1 2 3 4 5 |  5.1
Dodging        | 1 2 3 4 5 |  5.1
Stealth        | 1 2 3 4 5 |  5.1
Unarmed Combat | 1 2 3 4 5 |  5.1
Spellcasting   | 1 2 3 4 5 |  5.1
Evocations     | 1 2 3 4 5 |  5.1
Conjurations   | 1 2 3 4 |  4.2
Hexes          | 1 2 3 4 |  4.2
Summonings     | 1 2 3 4 |  4.2
Necromancy     | 1 2 3 4 |  4.2
Translocations | 1 2 3 4 |  4.2
Transmutations | 1 2 3 4 |  4.2
Fire Magic     | 1 2 3 4 |  4.2
Ice Magic      | 1 2 3 4 |  4.2
Air Magic      | 1 2 3 4 |  4.2
Earth Magic    | 1 2 3 4 |  4.2
Poison Magic   | 1 2 3 4 |  4.2
Short Blades   | 5 6 |  6.9
Fighting       | 7 8 |  8.4
Armour         | 7 8 |  8.4
Shields        | 7 8 |  8.4

Action                   |  1- 3 |  4- 6 |  7- 9 | 10-12 || total
-------------------------+-------+-------+-------+-------++-------
Melee: Rapier            |   109 |   109 |   365 |   123 ||   706
       Bite              |    10 |    16 |    44 |    28 ||    98
Evoke: Wand              |       |     1 |     7 |     4 ||    12
  Use: Potion            |     1 |       |       |     1 ||     2
       Scroll            |       |     4 |    11 |       ||    15
 Stab: Paralysed         |       |     2 |     4 |       ||     6
Armor: Scale mail        |    37 |    27 |    67 |    63 ||   194
Dodge: Dodged            |    25 |    21 |   106 |    58 ||   210
Block: Kite shield       |    78 |    60 |   238 |   145 ||   521
